 Dungeon Crawl Stone Soup version 0.31-a0-702-gf82c85558f (webtiles) character file.

Game seed: 2190677796531789709

215 qw the Shooter (level 5, 0/33 HPs)
             Began as a Gargoyle Hunter on Sept 8, 2023.
             Was an Initiate of Okawaru.
             Slain by a black bear (3 damage)
             ... on level 4 of the Dungeon.
             The game lasted 00:01:20 (2886 turns).

qw the Shooter (Gargoyle Hunter)                    Turns: 2886, Time: 00:01:21

Health: 0/33       AC: 11    Str: 15    XL:     5   Next: 92%
Magic:  5/5        EV: 11    Int:  9    God:    Okawaru [......]
Gold:   11         SH:  0    Dex: 15    Spells: 4/4 levels left

rFire   . . .        Y - +1 shortbow
rCold   . . .        (shield currently unavailable)
rNeg    + . .        g - +0 ring mail
rPois   inf          (no helmet)
rElec   +            f - +0 cloak
rCorr   .            (no gloves)
SInv    .            j - +0 pair of boots
Will    .....        (no amulet)
Stlth   +            (no ring)
HPRegen 0.25/turn    (no ring)
MPRegen 0.09/turn

%: no passive effects
@: about to teleport
A: sickness immunity, AC +4, negative energy resistance 1, electricity
resistance, torment resistance 1, petrification resistance
a: Renounce Religion


You were on level 4 of the Dungeon.
You worshipped Okawaru.
Okawaru was noncommittal.
You visited 2 branches of the dungeon, and saw 5 of its levels.

You collected 229 gold pieces.
You spent 218 gold pieces at shops.


Innate Abilities, Weirdness & Mutations

You are immune to sickness and miasma.
Your stone body is resilient. (AC +4)
You are immune to poison.
You resist negative energy. (rN+)
You are resistant to electric shocks. (rElec)
You are resistant to unholy torment.
You are immune to petrification.


   Skills:
 + Level 3.8 Fighting
 - Level 6.0 Ranged Weapons
 - Level 1.3 Armour
 - Level 1.5 Dodging
 - Level 1.1 Stealth


You had 4 spell levels left.
You didn't know any spells.
Your spell library was empty.

Inventory:

Hand Weapons
 Y - a +1 shortbow (weapon)
Armour
 f - a +0 cloak (worn)
 g - a +0 ring mail (worn)
 h - the +1 pair of boots of Hadjma {rCorr Dex+2}
   (You bought it in a shop on level 4 of the Dungeon)

   Dex+2:     It affects your dexterity (+2).
   rCorr:     It protects you from acid and corrosion.
 j - a +0 pair of boots (worn)
Scrolls
 c - a scroll of teleportation
Potions
 a - a potion of haste
 b - a potion of brilliance {unknown}
 d - a potion of curing {unknown}
 e - a potion of resistance {unknown}
 l - a potion of degeneration {unknown}

Dungeon Overview and Level Annotations

Branches:
Dungeon (4/15)             Temple (1/1) D:4

Altars:
Cheibriados
Elyvilon
Fedhas
Kikubaaqudgha
Makhleb
Nemelex Xobeh
Okawaru
Qazlal
Sif Muna
Trog
Xom
Yredelemnul
Zin
The Shining One

Shops:
D:4 [

Annotations:
D:4 2 transporters, Menkaure


Message History

You shoot an arrow. The arrow hits the black bear!
The black bear is almost dead.
The black bear bites you but does no damage.
The black bear closely misses you.
The black bear claws you but does no damage.
You shoot an arrow.
The arrow hits the black bear but does no damage.
The black bear is almost dead.
The black bear goes berserk!
The black bear bites you but does no damage.
The black bear barely misses you. The black bear completely misses you.
You shoot an arrow. The arrow hits the black bear.
The black bear is almost dead.
The black bear bites you. The black bear claws you.
The black bear claws you but does no damage.
You shoot an arrow. The arrow hits the black bear.
The black bear is almost dead.
The black bear closely misses you.
The black bear claws you but does no damage.
The black bear barely misses you. The black bear closely misses you.
The black bear barely misses you. The black bear completely misses you.
You shoot an arrow.
The arrow closely misses the black bear.
The black bear bites you!
The black bear claws you but does no damage.
The black bear claws you. The black bear bites you.
The black bear barely misses you.
The black bear claws you but does no damage.
2885 ||| READING 2 scrolls of teleportation.
As you read the scroll of teleportation, it crumbles to dust.
You feel strangely unstable. The black bear bites you.
The black bear claws you. The black bear closely misses you.
The black bear misses you. The black bear closely misses you.
The black bear claws you but does no damage.
You shoot an arrow. The arrow barely misses the black bear.
The black bear misses you.
The black bear claws you but does no damage.
The black bear claws you.
You die...

.^....}#^.......#
.....!M#........#
#.#8#.M#........#
# ###.$#........##
. ...|#........>#
......^#...#####.#
########.... #.#
............ #.#
.# #...... #@# .
.#... #h# # #.#
#.# #### #.# ....
#.# .... #.# ....
#.# #### #.#


You could see a black bear (berserk).

Vanquished Creatures
  A crimson imp (D:3)
  4 gnolls (D:3)
  5 adders
  4 worms
  A dart slug (D:1)
  4 orcs
  7 ball pythons
  6 bats
  3 endoplasms
  6 giant cockroaches
  8 goblins
  7 hobgoblins
  7 jackals
  3 quokkas
  2 frilled lizards
  5 kobolds
  4 rats
77 creatures vanquished.

Notes
Turn   | Place    | Note
-------+----------+-------------------------------------------
     0 | D:1      | qw the Gargoyle Hunter began the quest for the Orb.
     0 | D:1      | Reached XP level 1. HP: 12/12 MP: 1/1
     0 | D:1      | 0 ||| qw: Version: 0.3-a-76-g4403597
     0 | D:1      | 0 ||| qw: Game counter: 1201
     0 | D:1      | 0 ||| qw: Melee chars always use a shield: true
     0 | D:1      | 0 ||| qw: God list: Okawaru
     0 | D:1      | 0 ||| qw: Allow faded altars: false
     0 | D:1      | 0 ||| qw: Do Orc after clearing Dungeon:15 true
     0 | D:1      | 0 ||| qw: Do second Lair branch before Depths: true
     0 | D:1      | 0 ||| qw: Lair rune preference: random
     0 | D:1      | 0 ||| qw: Goals: Normal
     0 | D:1      | 0 ||| PLANNING D:1-11
    58 | D:1      | Reached XP level 2. HP: 17/17 MP: 2/2
   295 | D:1      | You fall into a shaft and drop 1 floor!
   322 | D:2      | Reached XP level 3. HP: 7/21 MP: 3/3
   329 | D:2      | HP: 4/21 [jackal (2)]
   334 | D:2      | Reached skill level 5 in Ranged Weapons
   339 | D:2      | HP: 4/21 [worm (1)]
   538 | D:2      | 538 ||| UPGRADING to +0 cloak.
   545 | D:2      | 545 ||| READING scroll labelled YLLISK FEUMPI.
   546 | D:2      | 546 ||| READING 3 scrolls labelled YNATYIZYUST.
   547 | D:2      | 547 ||| DROPPING scroll of butterflies.
   548 | D:2      | 548 ||| DROPPING 2 scrolls of immolation.
  1056 | D:1      | 1056 ||| READING scroll labelled ZUYLUUN LEHI.
  1151 | D:2      | Reached skill level 3 in Fighting
  1284 | D:2      | Reached XP level 4. HP: 25/28 MP: 4/4
  1543 | D:2      | 1543 ||| UPGRADING to +0 ring mail.
  1553 | D:2      | 1553 ||| DROPPING +0 leather armour.
  1554 | D:2      | 1554 ||| READING scroll labelled DIUKHL UNOE.
  1645 | D:3      | 1645 ||| Stepping ~*~*~tactically~*~*~ (retreating).
  1647 | D:3      | 1647 ||| Stepping ~*~*~tactically~*~*~ (retreating).
  1652 | D:3      | 1652 ||| Stepping ~*~*~tactically~*~*~ (water).
  1657 | D:3      | Reached skill level 1 in Armour
  1700 | D:3      | Reached XP level 5. HP: 32/32 MP: 5/5
  1765 | D:3      | 1765 ||| Stepping ~*~*~tactically~*~*~ (water).
  1872 | D:3      | Found a burning altar of Makhleb.
  1872 | D:3      | Found a shimmering altar of Xom.
  1895 | D:3      | 1895 ||| FLEEEEING.
  1896 | D:3      | 1896 ||| FLEEEEING.
  1897 | D:3      | 1897 ||| FLEEEEING.
  1898 | D:3      | 1898 ||| FLEEEEING.
  1899 | D:3      | 1899 ||| FLEEEEING.
  1900 | D:3      | 1900 ||| FLEEEEING.
  1917 | D:3      | 1917 ||| FLEEEEING.
  1918 | D:3      | 1918 ||| FLEEEEING.
  1923 | D:3      | 1923 ||| FLEEEEING.
  1924 | D:3      | 1924 ||| FLEEEEING.
  1951 | D:3      | 1951 ||| FLEEEEING.
  1989 | D:3      | 1989 ||| FLEEEEING.
  1991 | D:3      | 1991 ||| FLEEEEING.
  1994 | D:3      | Reached skill level 6 in Ranged Weapons
  2338 | D:3      | 2338 ||| UPGRADING to +0 pair of boots.
  2343 | D:3      | 2343 ||| READING 3 scrolls labelled CACVYE QUHY.
  2346 | D:3      | 2346 ||| READING 2 scrolls labelled PIBBOOH GAENA.
  2347 | D:3      | 2347 ||| READING scroll labelled PAH NABBETIHUR.
  2348 | D:3      | 2348 ||| READING scroll labelled JINORR ATRUSS.
  2349 | D:3      | 2349 ||| READING scroll labelled ZEBBIH GAIRR.
  2350 | D:3      | 2350 ||| DRINKING 2 sapphire potions.
  2351 | D:3      | 2351 ||| DROPPING scroll of blinking.
  2501 | D:4      | Found a staircase to the Ecumenical Temple.
  2502 | D:4      | 2502 ||| PLANNING TEMPLE
  2511 | Temple   | Entered the Ecumenical Temple
  2512 | Temple   | 2512 ||| PLANNING OKAWARU WORSHIP
  2536 | Temple   | Became a worshipper of Warmaster Okawaru
  2537 | Temple   | 2537 ||| PLANNING D:1-11
  2609 | D:4      | Found Gekhaf's Antique Armour Shoppe.
  2612 | D:4      | 2612 ||| BUYING pair of blackened boots (218 gold).
  2612 | D:4      | Bought a pair of blackened boots for 218 gold pieces
  2612 | D:4      | Identified the +1 pair of boots of Hadjma {rCorr Dex+2}
                  | (You bought it in a shop on level 4 of the Dungeon)
  2829 | D:4      | Found a transporter.
  2847 | D:4      | Found an ancient bone altar of Kikubaaqudgha.
  2851 | D:4      | Noticed Menkaure
  2857 | D:4      | Found a basalt altar of Yredelemnul.
  2860 | D:4      | Found a transporter.
  2874 | D:4      | Noticed a black bear
  2884 | D:4      | HP: 6/33 [black bear (4)]
  2885 | D:4      | 2885 ||| READING 2 scrolls of teleportation.
  2885 | D:4      | HP: 2/33 [black bear (3)]
  2886 | D:4      | Slain by a black bear

Levels and vault maps discovered:
D:1:      minmay_arrival_checkered_box, layout_basic
D:2:      layout_basic, minmay_misc_feat_chi
D:3:      wander_river, layout_basic, grunt_temple_overflow_champion_of_chaos,
          nicolae_underground_beach
D:4:      layout_basic, gammafunk_temple_of_torment, minmay_temple_entry_wispy,
          serial_shops, nicolae_shop_real_fake_doors
Temple:   compressed_dpeg_circular_temple

Skill      XL: |  1  2  3  4  5 |
---------------+----------------+-----
Ranged Weapons | 5 6 |  6.0
Fighting       | 3 |  3.8
Armour         | 1 |  1.3
Dodging        | |  1.5
Stealth        | |  1.1

Action                     |  1- 3 |  4- 6 || total
---------------------------+-------+-------++-------
   Fire: Shortbow          |   132 |   203 ||   335
    Use: Scroll            |     3 |     7 ||    10
         Potion            |       |     1 ||     1
 Armour: Leather armour    |    50 |     4 ||    54
         Ring mail         |       |    65 ||    65
  Dodge: Dodged            |    60 |    64 ||   124

Table legend:
 A = Non-vault XP
 B = Vault XP
 C = Vault XP percentage of total XP
 D = Non-vault monster count
 E = Vault monster count
 F = Vault count percentage of total count
                 A         B        C        D         E       F
            +---------+---------+-------+---------+---------+-------
      Total |     258 |      50 |  16.2 |      76 |       1 |   1.3
            +---------+---------+-------+---------+---------+-------
        D:1 |      41 |       0 |   0.0 |      23 |       0 |   0.0
        D:2 |      69 |       0 |   0.0 |      23 |       0 |   0.0
        D:3 |     114 |      50 |  30.5 |      21 |       1 |   4.5
        D:4 |      34 |       0 |   0.0 |       9 |       0 |   0.0
            +---------+---------+-------+---------+---------+-------
